 Dungeon Crawl Stone Soup version 0.25-a0-290-g4a1327ee3a (webtiles) character file.

Game seed: 14745832762629822350, levelgen mode: deterministic

99 tilp the Charmwright (level 4, -4/38 HPs)
             Began as a Gnoll Skald on Dec 14, 2019.
             Was an Initiate of Fedhas.
             Killed by divine providence
             ... invoked by an orc priest
              (13 damage)
             ... on level 3 of the Dungeon.
             The game lasted 00:04:44 (1772 turns).

tilp the Charmwright (Gnoll Skald)                  Turns: 1772, Time: 00:04:46

Health: -4/38      AC:  4    Str: 14    XL:     4   Next: 72%
Magic:  9/11       EV: 14    Int: 16    God:    Fedhas [......]
Gold:   38         SH:  0    Dex: 14    Spells: 2/13 levels left

rFire    . . .     SeeInvis .   a - +0 spear
rCold    . . .     Gourm    .   (no shield)
rNeg     . . .     Faith    .   b - +0 leather armour
rPois    .         Spirit   .   (no helmet)
rElec    .         Reflect  .   (no cloak)
rCorr    .         Harm     .   o - +0 pair of gloves
MR       .....                  (no boots)
Stlth    ++........             (no amulet)
HPRegen  0.12/turn              (no ring)
MPRegen  0.12/turn              (no ring)

@: singing
A: distributed training, fangs 1, strong nose
a: Renounce Religion


You were on level 3 of the Dungeon.
You worshipped Fedhas.
Fedhas was noncommittal.
You were not hungry.

You visited 1 branch of the dungeon, and saw 3 of its levels.

You collected 38 gold pieces.

Inventory:

Hand Weapons
 a - a +0 spear (weapon)
Missiles
 e - 45 stones
 g - 4 atropa-tipped darts (quivered)
 i - 26 sling bullets
Armour
 b - a +0 leather armour (worn)
 o - a +0 pair of gloves (worn)
Scrolls
 c - 7 scrolls of identify
 h - a scroll of enchant armour {unknown}
 l - a scroll of remove curse
 m - a scroll of teleportation
Potions
 j - a potion of mutation
 k - a potion of brilliance
 n - a potion of degeneration {unknown}
 p - 2 potions of invisibility {unknown}
Comestibles
 d - 4 rations
 f - a chunk of flesh


   Skills:
 + Level 4.6 Fighting
 + Level 1.2 Short Blades
 + Level 1.2 Long Blades
 + Level 1.2 Axes
 + Level 1.2 Maces & Flails
 + Level 4.6 Polearms
 + Level 1.2 Staves
 + Level 1.2 Slings
 + Level 1.2 Bows
 + Level 1.2 Crossbows
 + Level 1.2 Throwing
 + Level 2.8 Armour
 + Level 4.6 Dodging
 + Level 1.2 Stealth
 + Level 1.2 Shields
 + Level 1.2 Unarmed Combat
 + Level 5.1 Spellcasting
 + Level 1.0 Conjurations
 + Level 1.0 Hexes
 + Level 5.5 Charms
 + Level 1.0 Summonings
 + Level 1.0 Necromancy
 + Level 1.0 Translocations
 + Level 1.0 Transmutations
 + Level 1.0 Fire Magic
 + Level 1.0 Ice Magic
 + Level 1.0 Air Magic
 + Level 1.0 Earth Magic
 + Level 1.0 Poison Magic
 + Level 1.3 Invocations
 + Level 1.2 Evocations


You had 2 spell levels left.
You knew the following spells:

 Your Spells              Type           Power        Failure   Level  Hunger
a - Infusion              Chrm           ###.         1%          1    None
b - Song of Slaying       Chrm           ###.....     3%          2    #......
c - Shroud of Golubria    Chrm/Tloc      ##....       8%          2    #......
d - Regeneration          Chrm/Necr      ##........   14%         3    ###....
e - Spectral Weapon       Hex/Chrm       ##......     14%         3    ###....

Your spell library contained the following spells:

 Spells                   Type           Power        Failure   Level  Hunger


Dungeon Overview and Level Annotations

Branches:
Dungeon (3/15)

Altars:
Ashenzari
Fedhas


Innate Abilities, Weirdness & Mutations

Your experience applies equally to all skills.
You have very sharp teeth.
Your uncanny sense of smell can sniff out nearby items.


Message History

You barely miss the orc.
The orc is severely wounded.
The orc hits you.
* * * LOW HITPOINT WARNING * * *
You hit the orc.
The orc is severely wounded.
The orc completely misses you.
The orc priest invokes the aid of Beogh against you.
Beogh smites you!
* * * LOW HITPOINT WARNING * * *
You hit the orc.
The orc is almost dead.
The orc misses you.
You puncture the orc!
You kill the orc!
Fedhas accepts your kill.
The orc priest mumbles some strange prayers to Beogh against you.
Beogh smites you!
You die...
Fedhas appreciates your contribution to the ecosystem.

#+# #.#### #....
##..#
###########...#####
#...o..o..........#
#.#.###)###...###.
#.# #@# ##..# o.#
#.# #..#####. .###
#.# #........ #.
#.# #.####### # #.#
#.# ∆ ..# #.# ###
#.# #.# #### #.#
#...


You could see an orc priest.

Vanquished Creatures
  A gnoll (D:1)
  4 adders (D:2)
  A worm (D:2)
  2 dart slugs (D:1)
  A leopard gecko (D:3)
  2 orcs (D:3)
  A giant cockroach (D:2)
  4 hobgoblins (D:1)
  5 jackals
  7 kobolds
  4 bats
  4 frilled lizards
  3 goblins
  6 rats
45 creatures vanquished.

Notes
Turn   | Place    | Note
-------+----------+-------------------------------------------
     0 | D:1      | tilp the Gnoll Skald began the quest for the Orb.
     0 | D:1      | Reached XP level 1. HP: 20/20 MP: 6/6
   114 | D:1      | Reached XP level 2. HP: 26/26 MP: 0/7
   118 | D:1      | Learned a level 2 spell: Song of Slaying
   121 | D:1      | Learned a level 2 spell: Shroud of Golubria
   503 | D:1      | Reached skill level 5 in Spellcasting
   503 | D:1      | Reached XP level 3. HP: 29/31 MP: 3/9
   509 | D:1      | Learned a level 3 spell: Regeneration
   513 | D:1      | Learned a level 3 spell: Spectral Weapon
   676 | D:2      | Reached skill level 1 in Invocations
   800 | D:2      | Reached skill level 1 in Short Blades
   800 | D:2      | Reached skill level 1 in Long Blades
   800 | D:2      | Reached skill level 1 in Axes
   800 | D:2      | Reached skill level 1 in Maces & Flails
   800 | D:2      | Reached skill level 1 in Staves
   800 | D:2      | Reached skill level 1 in Slings
   800 | D:2      | Reached skill level 1 in Bows
   800 | D:2      | Reached skill level 1 in Crossbows
   800 | D:2      | Reached skill level 1 in Throwing
   800 | D:2      | Reached skill level 1 in Stealth
   800 | D:2      | Reached skill level 1 in Shields
   800 | D:2      | Reached skill level 1 in Unarmed Combat
   800 | D:2      | Reached skill level 1 in Evocations
   800 | D:2      | Reached XP level 4. HP: 25/38 MP: 8/11
  1213 | D:2      | Found a blossoming altar of Fedhas.
  1433 | D:2      | Found a shattered altar of Ashenzari.
  1586 | D:2      | Reached skill level 1 in Conjurations
  1586 | D:2      | Reached skill level 1 in Hexes
  1586 | D:2      | Reached skill level 1 in Summonings
  1586 | D:2      | Reached skill level 1 in Necromancy
  1586 | D:2      | Reached skill level 1 in Translocations
  1586 | D:2      | Reached skill level 1 in Transmutations
  1586 | D:2      | Reached skill level 1 in Fire Magic
  1586 | D:2      | Reached skill level 1 in Ice Magic
  1586 | D:2      | Reached skill level 1 in Air Magic
  1586 | D:2      | Reached skill level 1 in Earth Magic
  1586 | D:2      | Reached skill level 1 in Poison Magic
  1656 | D:2      | Became a worshipper of Fedhas Madash
  1772 | D:3      | Killed from afar by an orc priest

Levels and vault maps discovered:
D:1:      lemuel_arrival_hallway, layout_rooms, minmay_misc_feat_rugged,
          minmay_split_cup_small
D:2:      layout_loops_ring, old_standard_altar, fedhas_altar_3, first_ration,
          minmay_circled_x
D:3:      layout_loops_corners, lemuel_doored_altar, uniq_natasha

Skill      XL: |  1  2  3  4 |
---------------+-------------+-----
Spellcasting   | 5 |  5.1
Invocations    | 1 |  1.3
Short Blades   | 1 |  1.2
Long Blades    | 1 |  1.2
Axes           | 1 |  1.2
Maces & Flails | 1 |  1.2
Staves         | 1 |  1.2
Slings         | 1 |  1.2
Bows           | 1 |  1.2
Crossbows      | 1 |  1.2
Throwing       | 1 |  1.2
Stealth        | 1 |  1.2
Shields        | 1 |  1.2
Unarmed Combat | 1 |  1.2
Evocations     | 1 |  1.2
Conjurations   | 1 |  1.0
Hexes          | 1 |  1.0
Summonings     | 1 |  1.0
Necromancy     | 1 |  1.0
Translocations | 1 |  1.0
Transmutations | 1 |  1.0
Fire Magic     | 1 |  1.0
Ice Magic      | 1 |  1.0
Air Magic      | 1 |  1.0
Earth Magic    | 1 |  1.0
Poison Magic   | 1 |  1.0
Fighting       | |  4.6
Polearms       | |  4.6
Armour         | |  2.8
Dodging        | |  4.6
Charms         | |  5.5

Action                   |  1- 3 |  4- 6 || total
-------------------------+-------+-------++-------
Melee: Spear             |    65 |    64 ||   129
       Bite              |     3 |     5 ||     8
 Cast: Infusion          |    11 |     3 ||    14
       Shroud of Golubri |     2 |     4 ||     6
       Song of Slaying   |     2 |     2 ||     4
       Spectral Weapon   |       |     1 ||     1
  Use: Scroll            |     1 |     3 ||     4
 Stab: Sleeping          |     1 |       ||     1
  Eat: Chunk             |       |     3 ||     3
Armor: Leather armour    |     3 |     9 ||    12
Dodge: Dodged            |    28 |    31 ||    59

Table legend:
 A = Non-vault XP
 B = Vault XP
 C = Vault XP percentage of total XP
 D = Non-vault monster count
 E = Vault monster count
 F = Vault count percentage of total count
                 A         B        C        D         E       F
            +---------+---------+-------+---------+---------+-------
      Total |     119 |      23 |  16.2 |      38 |       7 |  15.6
            +---------+---------+-------+---------+---------+-------
        D:1 |      39 |       6 |  13.3 |      15 |       3 |  16.7
        D:2 |      71 |      17 |  19.3 |      20 |       4 |  16.7
        D:3 |       9 |       0 |   0.0 |       3 |       0 |   0.0
            +---------+---------+-------+---------+---------+-------
